Mulligans vs Atomiques
Created - January 16, 2021 at 19:05
Goals
|
| Mulligans |
0 |
2 |
1 |
0 |
3 |
| Atomiques |
0 |
1 |
2 |
1 |
4 |
|
Shots
|
| Mulligans |
7 |
19 |
4 |
0 |
30 |
| Atomiques |
13 |
4 |
19 |
1 |
37 |
|
1st period
No Goal
Penalties :
Jordan Greenway (STB) for High sticking (Minor) at 3:52
2nd period
1. Atomiques , Kirill Kaprizov 2 (Matt Tennyson 11, Jeremy Lauzon 13) at 12:55
2. Mulligans , Darren Dietz 1 (Sam Bennett 12) at 13:53
3. Mulligans , Joonas Donskoi 14 (Robby Fabbri 10) at 18:32
Penalties :
Kevin Fiala (STB) for Hooking (Minor) at 1:32, Ilya Lyubushkin (Rep) for High sticking (Minor) at 4:13, Ben Hutton (Rep) for Holding Stick (Minor) at 8:05, Kevin Fiala (STB) for Hooking (Minor) at 14:52
3rd period
4. Mulligans , Sven Baertschi 16 (Anton Lander 34, Logan Shaw 24) at 3:07 (PP)
5. Atomiques , William Nylander 13 (Michael Chaput 18, Cody Goloubef 28) at 3:21
6. Atomiques , Oscar Sundqvist 15 (Wiley Sherman 22, Pontus Aberg 31) at 3:33 (PP)
Penalties :
Kirill Kaprizov (STB) for Interference (Minor) at 2:57, Sven Baertschi (Rep) for Hooking (Minor) at 3:24, Brett Seney (Rep) for Hooking (Minor) at 7:52, Jordan Greenway (STB) for Hooking (Minor) at 13:52, Logan Shaw (Rep) for Tripping (Minor) at 19:51
Overtime #1
7. Atomiques , Pontus Aberg 17 (Oscar Sundqvist 24) at 0:08 (PP)
Penalties :
No Penalty
Goalie Stats
Calvin Pickard (Rep), 33 saves from 37 shots - (0.892), OTL, 10-18-1, 60:08 minutes
Alex Nedeljkovic (STB), 27 saves from 30 shots - (0.900), W, 12-9-1, 60:08 minutes
Players Stats for Mulligans
Player Name G A P +/- PIM S H SB GA TA FO MP PP MP PK MP
------------------------------------------------------------------------------------
Anton Lander 0 1 1 -1 0 0 3 0 1 1 17/41 22:22 4:30 3:44
Ben Hutton 0 0 0 -2 2 1 1 1 0 0 0/0 26:36 5:19 2:36
Brandon Carlo 0 0 0 -1 0 1 1 1 0 0 0/0 26:39 5:19 3:43
Brett Seney 0 0 0 0 2 3 0 0 1 0 0/0 8:49 0:00 0:00
Christian Wolanin 0 0 0 -1 0 0 0 0 0 0 0/0 9:14 2:47 3:05
Conor Garland 0 0 0 0 0 1 0 0 0 0 0/0 9:30 0:07 0:00
Dalton Thrower 0 0 0 2 0 1 1 3 0 1 0/0 14:45 0:00 0:00
Darren Dietz 1 0 1 2 0 3 2 1 1 0 0/0 21:32 2:47 2:39
Ilya Lyubushkin 0 0 0 0 2 2 0 0 0 1 0/0 12:36 0:00 0:41
Jonny Brodzinski 0 0 0 0 0 0 0 1 1 0 2/4 8:15 0:00 0:00
Joonas Donskoi 1 0 1 0 0 3 0 0 0 0 0/1 8:35 2:26 0:00
Logan Shaw 0 1 1 -1 2 3 3 0 0 1 1/1 22:48 4:36 3:13
Maxime Macenauer 0 0 0 1 0 6 3 0 0 0 4/9 17:25 3:23 1:40
Reid Boucher 0 0 0 0 0 2 1 0 1 0 2/4 13:00 0:00 1:33
Robbie Russo 0 0 0 0 0 0 0 0 0 0 0/0 9:56 0:00 0:00
Robby Fabbri 0 1 1 0 0 2 1 0 0 0 3/7 11:39 0:47 0:00
Sam Bennett 0 1 1 1 0 0 4 1 0 0 0/0 14:13 3:22 0:00
Sven Baertschi 1 0 1 -1 2 1 2 2 2 0 0/0 21:52 4:31 2:26
Valeri Nichushkin 0 0 0 1 0 1 2 0 0 0 0/0 14:19 0:36 0:00
Players Stats for Atomiques
Player Name G A P +/- PIM S H SB GA TA FO MP PP MP PK MP
------------------------------------------------------------------------------------
Brendan Guhle 0 0 0 -1 0 0 2 1 0 3 0/0 15:08 0:00 3:58
Chase De Leo 0 0 0 -1 0 4 0 0 0 0 3/7 9:03 0:00 0:00
Cody Goloubef 0 1 1 1 0 3 1 0 0 0 0/0 27:12 3:42 3:47
Denis Gurianov 0 0 0 1 0 4 0 0 1 0 0/0 16:29 2:50 0:00
Dylan Strome 0 0 0 0 0 3 0 0 0 0 3/4 9:28 0:00 0:12
Jeremy Lauzon 0 1 1 0 0 0 0 1 0 0 0/0 17:48 2:32 0:21
Jordan Greenway 0 0 0 -1 4 2 1 0 0 1 0/0 10:08 0:00 0:00
Kevin Fiala 0 0 0 0 4 1 3 0 0 0 2/2 16:27 3:21 0:00
Kirill Kaprizov 1 0 1 0 2 2 2 0 0 0 0/0 11:40 0:06 1:22
Matt Tennyson 0 1 1 0 0 1 0 2 0 1 0/0 20:38 2:32 3:23
Max McCormick 0 0 0 -1 0 0 3 0 1 0 0/1 10:03 0:00 0:00
Michael Chaput 0 1 1 1 0 1 1 3 0 1 8/18 19:53 2:50 3:15
Nicolas Aube-Kubel 0 0 0 0 0 0 0 0 0 0 0/0 8:51 0:09 0:00
Oscar Sundqvist 1 1 2 0 0 6 3 1 0 0 20/32 20:43 3:18 4:39
Pontus Aberg 1 1 2 0 0 4 3 0 2 0 2/2 20:44 3:18 4:23
Sean Walker 0 0 0 -1 0 1 0 2 0 0 0/0 12:18 0:00 0:56
Wiley Sherman 0 1 1 1 0 3 1 3 0 1 0/0 27:12 3:42 3:47
William Nylander 1 0 1 1 0 2 2 1 0 0 0/1 18:36 2:50 2:21
3 Stars
1 - Oscar Sundqvist (STB)
2 - Pontus Aberg (STB)
3 - Darren Dietz (Rep)
Power Play
Mulligans - 1 on 5 Attempt(s) - 20.00%
Atomiques - 2 on 5 Attempt(s) - 40.00%
Penalty Kill
Mulligans - 3 on 5 Attempt(s) - 60.00%
- Score 0 goal in Penalty Kill
Atomiques - 4 on 5 Attempt(s) - 80.00%
- Score 0 goal in Penalty Kill
Team Stat
Mulligans - Hits : 24 - Faceoff Wins : 29 - Blocked Shots : 10 - Penalty Minutes : 10
Atomiques - Hits : 22 - Faceoff Wins : 38 - Blocked Shots : 14 - Penalty Minutes : 10
Official
Referees : Unknown
Linesman : Unknown
Game Notes
Joonas Donskoi is injured at 19:43 of 2nd period (Back)
Finance
Level 1 -- Attendance: 1319 (65.95%) -- Ticket Income $52,760
Level 2 -- Attendance: 650 (65.00%) -- Ticket Income $13,000
Total Attendance: 1969 (65.63%)
Total Ticket Income: $65,760
Other Income: $3,288
Total Income: $69,048
Mulligans
5 vs 5 Forward
Center Left Wing Right Wing Time % Phy DF OF
1 Anton Lander Sven Baertschi Logan Shaw 40 0 2 3
2 Maxime Macenauer Sam Bennett Valeri Nichushkin 30 0 2 3
3 Robby Fabbri Reid Boucher Joonas Donskoi 20 0 2 3
4 Jonny Brodzinski Brett Seney Conor Garland 10 1 2 2
5 vs 5 Defense
Defense Defense Time % Phy DF OF
1 Ben Hutton Brandon Carlo 40 1 3 1
2 Darren Dietz Dalton Thrower 30 1 3 1
3 Ilya Lyubushkin Robbie Russo 20 1 3 1
4 Christian Wolanin Ben Hutton 10 1 2 2
PowerPlay Forward
Center Left Wing Right Wing Time % Phy DF OF
1 Anton Lander Sven Baertschi Logan Shaw 60 0 1 4
2 Maxime Macenauer Sam Bennett Joonas Donskoi 40 0 1 4
PowerPlay Defense
Defense Defense Time % Phy DF OF
1 Ben Hutton Brandon Carlo 60 0 2 3
2 Darren Dietz Christian Wolanin 40 0 2 3
Penalty Kill 4 Players Forward
Center Wing Time % Phy DF OF
1 Anton Lander Logan Shaw 60 1 2 2
2 Maxime Macenauer Sven Baertschi 40 1 2 2
Penalty Kill 4 Players Defense
Defense Defense Time % Phy DF OF
1 Ben Hutton Brandon Carlo 60 1 2 2
2 Darren Dietz Christian Wolanin 40 1 2 2
Penalty Kill - 3 Players Forward
Forward Time % Phy DF OF
1 Anton Lander 60 1 2 2
2 Logan Shaw 40 1 2 2
Penalty Kill - 3 Players Defense
Defense Defense Time % Phy DF OF
1 Ben Hutton Brandon Carlo 60 1 2 2
2 Darren Dietz Christian Wolanin 40 1 2 2
4 vs 4 Forward
Center Wing Time % Phy DF OF
1 Anton Lander Logan Shaw 60 1 2 2
2 Maxime Macenauer Sven Baertschi 40 1 2 2
4 vs 4 Defense
Defense Defense Time % Phy DF OF
1 Ben Hutton Brandon Carlo 60 1 2 2
2 Darren Dietz Ilya Lyubushkin 40 1 2 2
Last Minutes Offensive
Center Left Wing Right Wing Defense Defense
Anton Lander Sven Baertschi Logan Shaw Ben Hutton Brandon Carlo
Last Minutes Defensive
Center Left Wing Right Wing Defense Defense
Anton Lander Sven Baertschi Logan Shaw Ben Hutton Brandon Carlo
Goaltenders
Starting : Calvin Pickard
Backup : Juuse Saros
Extra Forwards
Normal : Robby Fabbri, Valeri Nichushkin, Reid Boucher - PP : Robby Fabbri, Valeri Nichushkin - PK : Reid Boucher
Extra Defensemen
Normal : Ilya Lyubushkin, Brandon Carlo, Christian Wolanin - PP : Ilya Lyubushkin - PK : Ben Hutton, Christian Wolanin
Penalty Shots
Anton Lander, Logan Shaw, Maxime Macenauer, Sven Baertschi, Joonas Donskoi
Scratches
Cristiano Digiacinto (Healthy)
Atomiques
5 vs 5 Forward
Center Left Wing Right Wing Time % Phy DF OF
1 Oscar Sundqvist Pontus Aberg Kevin Fiala 30 1 2 2
2 Michael Chaput William Nylander Denis Gurianov 30 1 2 2
3 Dylan Strome Kirill Kaprizov Nicolas Aube-Kubel 20 1 2 2
4 Chase De Leo Jordan Greenway Max McCormick 20 1 2 2
5 vs 5 Defense
Defense Defense Time % Phy DF OF
1 Wiley Sherman Cody Goloubef 40 1 2 2
2 Matt Tennyson Jeremy Lauzon 30 1 2 2
3 Brendan Guhle Sean Walker 20 1 2 2
4 Wiley Sherman Cody Goloubef 10 1 2 2
PowerPlay Forward
Center Left Wing Right Wing Time % Phy DF OF
1 Oscar Sundqvist Pontus Aberg Kevin Fiala 60 1 2 2
2 Michael Chaput William Nylander Denis Gurianov 40 1 2 2
PowerPlay Defense
Defense Defense Time % Phy DF OF
1 Wiley Sherman Cody Goloubef 60 1 2 2
2 Matt Tennyson Jeremy Lauzon 40 1 2 2
Penalty Kill 4 Players Forward
Center Wing Time % Phy DF OF
1 Oscar Sundqvist Pontus Aberg 60 1 2 2
2 Michael Chaput William Nylander 40 1 2 2
Penalty Kill 4 Players Defense
Defense Defense Time % Phy DF OF
1 Wiley Sherman Cody Goloubef 60 1 2 2
2 Matt Tennyson Brendan Guhle 40 1 2 2
Penalty Kill - 3 Players Forward
Forward Time % Phy DF OF
1 Oscar Sundqvist 60 1 2 2
2 Michael Chaput 40 1 2 2
Penalty Kill - 3 Players Defense
Defense Defense Time % Phy DF OF
1 Matt Tennyson Cody Goloubef 60 1 2 2
2 Wiley Sherman Brendan Guhle 40 1 2 2
4 vs 4 Forward
Center Wing Time % Phy DF OF
1 Oscar Sundqvist Pontus Aberg 60 1 2 2
2 Michael Chaput William Nylander 40 1 2 2
4 vs 4 Defense
Defense Defense Time % Phy DF OF
1 Wiley Sherman Cody Goloubef 60 1 2 2
2 Matt Tennyson Jeremy Lauzon 40 1 2 2
Last Minutes Offensive
Center Left Wing Right Wing Defense Defense
Oscar Sundqvist Pontus Aberg Kevin Fiala Wiley Sherman Cody Goloubef
Last Minutes Defensive
Center Left Wing Right Wing Defense Defense
Michael Chaput William Nylander Kevin Fiala Matt Tennyson Cody Goloubef
Goaltenders
Starting : Alex Nedeljkovic
Backup : Kaapo Kahkonen
Extra Forwards
Normal : William Nylander, Jordan Greenway, Kirill Kaprizov - PP : Nicolas Aube-Kubel, Kevin Fiala - PK : Pontus Aberg
Extra Defensemen
Normal : Brendan Guhle, Sean Walker, Wiley Sherman - PP : Brendan Guhle - PK : Sean Walker, Wiley Sherman
Penalty Shots
Kirill Kaprizov, Oscar Sundqvist, Michael Chaput, William Nylander, Pontus Aberg
Scratches
Christian Fischer (Healthy), Oliver Kylington (Left Leg Injury), Dalton Smith (Healthy), Axel Holmstrom (Healthy), Keegan Iverson (Healthy)
% Time on Ice - Mulligans
Lines # - Real PCT - Wanted PCT - Time Play
Normal Forward
1 - 33% - 40% - 14:53
2 - 28% - 30% - 12:51
3 - 21% - 20% - 9:48
4 - 18% - 10% - 8:08
Normal Defense
1 - 39% - 40% - 17:37
2 - 35% - 30% - 16:06
3 - 22% - 20% - 9:56
4 - 4% - 10% - 2:01
PP Forward
1 - 57% - 60% - 4:36
2 - 43% - 40% - 3:30
PP Defense
1 - 66% - 60% - 5:19
2 - 34% - 40% - 2:47
PK Forward
1 - 78% - 60% - 4:52
2 - 22% - 40% - 1:22
PK Defense
1 - 57% - 60% - 3:35
2 - 43% - 40% - 2:39
PK3 Forward
1 - 100% - 60% - 0:08
2 - 0% - 40% - 0:00
PK3 Defense
1 - 100% - 60% - 0:08
2 - 0% - 40% - 0:00
44 Forward
1 - 0% - 60%
2 - 0% - 40%
44 Defense
1 - 0% - 60%
2 - 0% - 40%
Last Minute Offensive - 0:00
Last Minute Defensive - 0:00
Total
Forward - 60:08
Defense - 60:08
|
% Time on Ice - Atomiques
Lines # - Real PCT - Wanted PCT - Time Play
Normal Forward
1 - 30% - 30% - 13:36
2 - 31% - 30% - 14:21
3 - 19% - 20% - 8:40
4 - 20% - 20% - 9:03
Normal Defense
1 - 39% - 40% - 18:00
2 - 33% - 30% - 15:14
3 - 24% - 20% - 10:45
4 - 4% - 10% - 1:41
PP Forward
1 - 55% - 60% - 3:24
2 - 45% - 40% - 2:50
PP Defense
1 - 59% - 60% - 3:42
2 - 41% - 40% - 2:32
PK Forward
1 - 74% - 60% - 6:01
2 - 26% - 40% - 2:05
PK Defense
1 - 54% - 60% - 4:22
2 - 46% - 40% - 3:44
PK3 Forward
1 - 0% - 60%
2 - 0% - 40%
PK3 Defense
1 - 0% - 60%
2 - 0% - 40%
44 Forward
1 - 100% - 60% - 0:08
2 - 0% - 40% - 0:00
44 Defense
1 - 100% - 60% - 0:08
2 - 0% - 40% - 0:00
Last Minute Offensive - 0:00
Last Minute Defensive - 0:00
Total
Forward - 60:08
Defense - 60:08
|
Play-by-Play
1st period
0:01 of 1st period - Anton Lander wins face-off versus Oscar Sundqvist in neutral zone.
0:32 of 1st period - Slapshot by Michael Chaput.
0:32 of 1st period - Stopped by Calvin Pickard with a rebound.
0:57 of 1st period - Icing by Cody Goloubef.
0:58 of 1st period - Dylan Strome wins face-off versus Jonny Brodzinski in Atomiques zone.
1:23 of 1st period - Slapshot by Cody Goloubef.
1:23 of 1st period - Shot Misses the Net.
2:21 of 1st period - Wrist shot by Jonny Brodzinski.
2:21 of 1st period - Shot Misses the Net.
2:47 of 1st period - Wrist shot by Jonny Brodzinski.
2:47 of 1st period - Shot Misses the Net.
2:49 of 1st period - Slapshot by Ilya Lyubushkin.
2:49 of 1st period - Deflect By Brett Seney.
2:49 of 1st period - Stopped by Alex Nedeljkovic with a rebound.
3:14 of 1st period - Snap shot by Brett Seney.
3:14 of 1st period - Stopped by Alex Nedeljkovic without a rebound.
3:15 of 1st period - Anton Lander wins face-off versus Michael Chaput in Atomiques zone.
3:16 of 1st period - Wrist shot by Logan Shaw.
3:16 of 1st period - Stopped by Alex Nedeljkovic with a rebound.
3:26 of 1st period - Snap shot by Sven Baertschi.
3:26 of 1st period - Shot Misses the Net.
3:40 of 1st period - Matt Tennyson is hit by Sam Bennett and loses puck.
3:52 of 1st period - Minor Penalty to Jordan Greenway for High sticking.
3:53 of 1st period - Oscar Sundqvist wins face-off versus Anton Lander in Atomiques zone.
5:16 of 1st period - Icing by Anton Lander.
5:17 of 1st period - Oscar Sundqvist wins face-off versus Anton Lander in Mulligans zone.
5:26 of 1st period - Snap shot by Maxime Macenauer.
5:26 of 1st period - Shot Blocked by Sean Walker.
5:52 of 1st period - Penalty to Jordan Greenway is over, Jordan Greenway is back on ice.
6:53 of 1st period - Wrist shot by Dylan Strome.
6:53 of 1st period - Stopped by Calvin Pickard with a rebound.
7:27 of 1st period - Darren Dietz is hit by Max McCormick and loses puck.
8:24 of 1st period - Christian Wolanin is hit by Max McCormick and loses puck.
8:51 of 1st period - Snap shot by Denis Gurianov.
8:51 of 1st period - Stopped by Calvin Pickard without a rebound.
8:52 of 1st period - Anton Lander wins face-off versus Michael Chaput in Mulligans zone.
9:05 of 1st period - Snap shot by Denis Gurianov.
9:05 of 1st period - Stopped by Calvin Pickard without a rebound.
9:06 of 1st period - Oscar Sundqvist wins face-off versus Maxime Macenauer in Mulligans zone.
9:17 of 1st period - Wrist shot by Oscar Sundqvist.
9:17 of 1st period - Stopped by Calvin Pickard with a rebound.
9:19 of 1st period - Snap shot by Pontus Aberg.
9:19 of 1st period - Stopped by Calvin Pickard with a rebound.
9:21 of 1st period - Slapshot by Sean Walker.
9:21 of 1st period - Stopped by Calvin Pickard without a rebound.
9:22 of 1st period - Michael Chaput wins face-off versus Anton Lander in Mulligans zone.
9:29 of 1st period - Wrist shot by Michael Chaput.
9:29 of 1st period - Shot Misses the Net.
9:47 of 1st period - Kevin Fiala is hit by Sam Bennett and loses puck.
9:56 of 1st period - Snap shot by Oscar Sundqvist.
9:56 of 1st period - Deflect By Pontus Aberg.
9:56 of 1st period - Shot Blocked by Sam Bennett.
9:56 of 1st period - Puck is out of play.
9:57 of 1st period - Anton Lander wins face-off versus Chase De Leo in Mulligans zone.
9:57 of 1st period - Anton Lander is hit by Max McCormick.
10:05 of 1st period - Wrist shot by Chase De Leo.
10:05 of 1st period - Stopped by Calvin Pickard without a rebound.
10:06 of 1st period - Anton Lander wins face-off versus Chase De Leo in Mulligans zone.
10:15 of 1st period - Brendan Guhle is hit by Dalton Thrower.
10:19 of 1st period - Brendan Guhle is hit by Anton Lander.
10:23 of 1st period - Wrist shot by Chase De Leo.
10:23 of 1st period - Stopped by Calvin Pickard with a rebound.
10:41 of 1st period - Snap shot by Chase De Leo.
10:41 of 1st period - Shot Misses the Net.
10:46 of 1st period - Off-side.
10:47 of 1st period - Maxime Macenauer wins face-off versus Oscar Sundqvist in neutral zone.
10:50 of 1st period - Slapshot by Sam Bennett.
10:50 of 1st period - Shot Blocked by Oscar Sundqvist.
10:54 of 1st period - Wrist shot by Maxime Macenauer.
10:54 of 1st period - Stopped by Alex Nedeljkovic without a rebound.
10:55 of 1st period - Pontus Aberg wins face-off versus Maxime Macenauer in Atomiques zone.
11:00 of 1st period - Wrist shot by Kevin Fiala.
11:00 of 1st period - Stopped by Calvin Pickard without a rebound.
11:01 of 1st period - Anton Lander wins face-off versus Oscar Sundqvist in Mulligans zone.
12:11 of 1st period - Wrist shot by Oscar Sundqvist.
12:11 of 1st period - Stopped by Calvin Pickard with a rebound.
12:13 of 1st period - Snap shot by Oscar Sundqvist.
12:13 of 1st period - Shot Blocked by Jonny Brodzinski.
12:35 of 1st period - Wrist shot by Sven Baertschi.
12:35 of 1st period - Shot Misses the Net.
12:37 of 1st period - Wrist shot by Anton Lander.
12:37 of 1st period - Shot Misses the Net.
12:39 of 1st period - Slapshot by Logan Shaw.
12:39 of 1st period - Shot Blocked by Wiley Sherman.
13:34 of 1st period - Ben Hutton is hit by Oscar Sundqvist and loses puck.
14:03 of 1st period - Slapshot by Ben Hutton.
14:03 of 1st period - Deflect By Sean Walker.
14:03 of 1st period - Stopped by Alex Nedeljkovic with a rebound.
14:05 of 1st period - Snap shot by Ben Hutton.
14:05 of 1st period - Shot Misses the Net.
14:15 of 1st period - Darren Dietz is hit by William Nylander and loses puck.
14:52 of 1st period - Off-side.
14:53 of 1st period - Oscar Sundqvist wins face-off versus Robby Fabbri in neutral zone.
14:56 of 1st period - Joonas Donskoi is hit by Kevin Fiala and loses puck.
15:09 of 1st period - Snap shot by Reid Boucher.
15:09 of 1st period - Shot Blocked by Matt Tennyson.
15:19 of 1st period - Kevin Fiala is hit by Sam Bennett and loses puck.
15:28 of 1st period - Wrist shot by Maxime Macenauer.
15:28 of 1st period - Stopped by Alex Nedeljkovic with a rebound.
15:30 of 1st period - Wrist shot by Maxime Macenauer.
15:30 of 1st period - Shot Misses the Net.
15:44 of 1st period - Matt Tennyson is hit by Sven Baertschi and loses puck.
16:03 of 1st period - Slapshot by Matt Tennyson.
16:03 of 1st period - Stopped by Calvin Pickard with a rebound.
16:05 of 1st period - Slapshot by Jeremy Lauzon.
16:05 of 1st period - Shot Misses the Net.
16:35 of 1st period - Snap shot by Reid Boucher.
16:35 of 1st period - Shot Misses the Net.
16:47 of 1st period - William Nylander is hit by Logan Shaw and loses puck.
17:06 of 1st period - Max McCormick is hit by Valeri Nichushkin and loses puck.
17:22 of 1st period - Valeri Nichushkin is hit by Pontus Aberg and loses puck.
17:41 of 1st period - William Nylander is hit by Maxime Macenauer and loses puck.
18:22 of 1st period - Snap shot by William Nylander.
18:22 of 1st period - Deflect By Denis Gurianov.
18:22 of 1st period - Deflect By Maxime Macenauer.
18:22 of 1st period - Stopped by Calvin Pickard with a rebound.
19:08 of 1st period - Wrist shot by Maxime Macenauer.
19:08 of 1st period - Stopped by Alex Nedeljkovic without a rebound.
19:09 of 1st period - Oscar Sundqvist wins face-off versus Anton Lander in Atomiques zone.
19:09 of 1st period - Oscar Sundqvist is hit by Sven Baertschi.
19:19 of 1st period - Anton Lander is hit by Kevin Fiala and loses puck.
Goals for this period are 0 for Mulligans vs 0 for Atomiques.
Shots for this period are 7 for Mulligans vs 13 for Atomiques.
2nd period
0:01 of 2nd period - Anton Lander wins face-off versus Oscar Sundqvist in neutral zone.
0:16 of 2nd period - Snap shot by Anton Lander.
0:16 of 2nd period - Shot Hit the Post.
0:26 of 2nd period - William Nylander is hit by Robby Fabbri and loses puck.
1:10 of 2nd period - Wrist shot by Pontus Aberg.
1:10 of 2nd period - Stopped by Calvin Pickard without a rebound.
1:11 of 2nd period - Oscar Sundqvist wins face-off versus Anton Lander in Mulligans zone.
1:18 of 2nd period - Pontus Aberg is hit by Ben Hutton.
1:32 of 2nd period - Minor Penalty to Kevin Fiala for Hooking.
1:33 of 2nd period - Anton Lander wins face-off versus Oscar Sundqvist in Atomiques zone.
1:38 of 2nd period - Snap shot by Logan Shaw.
1:38 of 2nd period - Shot Misses the Net.
1:40 of 2nd period - Snap shot by Ben Hutton.
1:40 of 2nd period - Shot Misses the Net.
1:42 of 2nd period - Slapshot by Logan Shaw.
1:42 of 2nd period - Stopped by Alex Nedeljkovic with a rebound.
3:32 of 2nd period - Penalty to Kevin Fiala is over, Kevin Fiala is back on ice.
3:51 of 2nd period - Slapshot by Brett Seney.
3:51 of 2nd period - Stopped by Alex Nedeljkovic without a rebound.
3:52 of 2nd period - Jonny Brodzinski wins face-off versus Chase De Leo in Atomiques zone.
4:13 of 2nd period - Minor Penalty to Ilya Lyubushkin for High sticking.
4:14 of 2nd period - Anton Lander wins face-off versus Oscar Sundqvist in Mulligans zone.
4:25 of 2nd period - Slapshot by Cody Goloubef.
4:25 of 2nd period - Shot Blocked by Ben Hutton.
5:10 of 2nd period - Off-side.
5:11 of 2nd period - Kevin Fiala wins face-off versus Reid Boucher in neutral zone.
6:13 of 2nd period - Penalty to Ilya Lyubushkin is over, Ilya Lyubushkin is back on ice.
6:30 of 2nd period - Snap shot by Kirill Kaprizov.
6:30 of 2nd period - Shot Misses the Net.
7:00 of 2nd period - Wrist shot by Reid Boucher.
7:00 of 2nd period - Shot Blocked by Sean Walker.
7:02 of 2nd period - Wrist shot by Joonas Donskoi.
7:02 of 2nd period - Shot Misses the Net.
7:04 of 2nd period - Wrist shot by Joonas Donskoi.
7:04 of 2nd period - Stopped by Alex Nedeljkovic without a rebound.
7:05 of 2nd period - Robby Fabbri wins face-off versus William Nylander in Atomiques zone.
7:18 of 2nd period - Snap shot by Robby Fabbri.
7:18 of 2nd period - Shot Blocked by Michael Chaput.
7:28 of 2nd period - Darren Dietz is hit by Oscar Sundqvist and loses puck.
7:54 of 2nd period - Wrist shot by Maxime Macenauer.
7:54 of 2nd period - Shot Misses the Net.
7:56 of 2nd period - Slapshot by Darren Dietz.
7:56 of 2nd period - Deflect By Valeri Nichushkin.
7:56 of 2nd period - Stopped by Alex Nedeljkovic without a rebound.
7:57 of 2nd period - Maxime Macenauer wins face-off versus Michael Chaput in Atomiques zone.
8:05 of 2nd period - Minor Penalty to Ben Hutton for Holding Stick.
8:06 of 2nd period - Oscar Sundqvist wins face-off versus Anton Lander in Mulligans zone.
8:10 of 2nd period - Wrist shot by Oscar Sundqvist.
8:10 of 2nd period - Stopped by Calvin Pickard with a rebound.
9:29 of 2nd period - Icing by Cody Goloubef.
9:30 of 2nd period - Oscar Sundqvist wins face-off versus Anton Lander in Atomiques zone.
10:03 of 2nd period - Icing by Pontus Aberg.
10:04 of 2nd period - Maxime Macenauer wins face-off versus Oscar Sundqvist in Atomiques zone.
10:05 of 2nd period - Penalty to Ben Hutton is over, Ben Hutton is back on ice.
10:13 of 2nd period - Wrist shot by Maxime Macenauer.
10:13 of 2nd period - Shot Misses the Net.
10:23 of 2nd period - Wrist shot by Ben Hutton.
10:23 of 2nd period - Shot Misses the Net.
10:31 of 2nd period - Wrist shot by Sven Baertschi.
10:31 of 2nd period - Shot Blocked by Jeremy Lauzon.
10:39 of 2nd period - Snap shot by Ben Hutton.
10:39 of 2nd period - Shot Misses the Net.
11:18 of 2nd period - Icing by Ilya Lyubushkin.
11:19 of 2nd period - Reid Boucher wins face-off versus Oscar Sundqvist in Mulligans zone.
11:30 of 2nd period - Wrist shot by Joonas Donskoi.
11:30 of 2nd period - Shot Blocked by Wiley Sherman.
11:32 of 2nd period - Slapshot by Reid Boucher.
11:32 of 2nd period - Stopped by Alex Nedeljkovic with a rebound.
11:34 of 2nd period - Snap shot by Ilya Lyubushkin.
11:34 of 2nd period - Stopped by Alex Nedeljkovic with a rebound.
11:36 of 2nd period - Slapshot by Reid Boucher.
11:36 of 2nd period - Stopped by Alex Nedeljkovic with a rebound.
11:38 of 2nd period - Slapshot by Ilya Lyubushkin.
11:38 of 2nd period - Stopped by Alex Nedeljkovic without a rebound.
11:39 of 2nd period - Michael Chaput wins face-off versus Jonny Brodzinski in Atomiques zone.
11:48 of 2nd period - Slapshot by Darren Dietz.
11:48 of 2nd period - Shot Blocked by William Nylander.
11:50 of 2nd period - Slapshot by Dalton Thrower.
11:50 of 2nd period - Stopped by Alex Nedeljkovic without a rebound.
11:51 of 2nd period - Oscar Sundqvist wins face-off versus Anton Lander in Atomiques zone.
12:02 of 2nd period - Wrist shot by Pontus Aberg.
12:02 of 2nd period - Shot Misses the Net.
12:04 of 2nd period - Slapshot by Wiley Sherman.
12:04 of 2nd period - Shot Blocked by Darren Dietz.
12:06 of 2nd period - Slapshot by Wiley Sherman.
12:06 of 2nd period - Shot Blocked by Dalton Thrower.
12:42 of 2nd period - Icing by Matt Tennyson.
12:43 of 2nd period - Dylan Strome wins face-off versus Joonas Donskoi in Atomiques zone.
12:43 of 2nd period - Dylan Strome is hit by Reid Boucher.
12:55 of 2nd period - Snap shot by Kirill Kaprizov.
12:55 of 2nd period - Goal by Kirill Kaprizov - Mulligans : 0 - Atomiques : 1.
12:56 of 2nd period - Oscar Sundqvist wins face-off versus Anton Lander in neutral zone.
13:23 of 2nd period - Wrist shot by Joonas Donskoi.
13:23 of 2nd period - Stopped by Alex Nedeljkovic without a rebound.
13:24 of 2nd period - Robby Fabbri wins face-off versus Michael Chaput in Atomiques zone.
13:53 of 2nd period - Slapshot by Darren Dietz.
13:53 of 2nd period - Goal by Darren Dietz - Mulligans : 1 - Atomiques : 1.
13:54 of 2nd period - Oscar Sundqvist wins face-off versus Anton Lander in neutral zone.
14:23 of 2nd period - Icing by Sam Bennett.
14:24 of 2nd period - Michael Chaput wins face-off versus Maxime Macenauer in Mulligans zone.
14:35 of 2nd period - Snap shot by William Nylander.
14:35 of 2nd period - Stopped by Calvin Pickard without a rebound.
14:36 of 2nd period - Anton Lander wins face-off versus Oscar Sundqvist in Mulligans zone.
14:45 of 2nd period - Wrist shot by Pontus Aberg.
14:45 of 2nd period - Shot Blocked by Brandon Carlo.
14:52 of 2nd period - Minor Penalty to Kevin Fiala for Hooking.
14:53 of 2nd period - Anton Lander wins face-off versus Oscar Sundqvist in Atomiques zone.
14:53 of 2nd period - Snap shot by Logan Shaw.
14:53 of 2nd period - Stopped by Alex Nedeljkovic without a rebound.
14:54 of 2nd period - Oscar Sundqvist wins face-off versus Anton Lander in Atomiques zone.
14:54 of 2nd period - Oscar Sundqvist is hit by Logan Shaw.
15:07 of 2nd period - Icing by Ben Hutton.
15:08 of 2nd period - Oscar Sundqvist wins face-off versus Anton Lander in Mulligans zone.
16:45 of 2nd period - Wrist shot by Maxime Macenauer.
16:45 of 2nd period - Stopped by Alex Nedeljkovic with a rebound.
16:47 of 2nd period - Snap shot by Brandon Carlo.
16:47 of 2nd period - Shot Blocked by Matt Tennyson.
16:49 of 2nd period - Slapshot by Maxime Macenauer.
16:49 of 2nd period - Stopped by Alex Nedeljkovic without a rebound.
16:50 of 2nd period - Michael Chaput wins face-off versus Maxime Macenauer in Atomiques zone.
16:52 of 2nd period - Penalty to Kevin Fiala is over, Kevin Fiala is back on ice.
17:03 of 2nd period - Slapshot by Darren Dietz.
17:03 of 2nd period - Shot Blocked by Michael Chaput.
17:05 of 2nd period - Slapshot by Darren Dietz.
17:05 of 2nd period - Deflect By Michael Chaput.
17:05 of 2nd period - Stopped by Alex Nedeljkovic without a rebound.
17:06 of 2nd period - Robby Fabbri wins face-off versus Max McCormick in Atomiques zone.
17:11 of 2nd period - Wrist shot by Robby Fabbri.
17:11 of 2nd period - Stopped by Alex Nedeljkovic without a rebound.
17:12 of 2nd period - Reid Boucher wins face-off versus Chase De Leo in Atomiques zone.
17:13 of 2nd period - Snap shot by Robby Fabbri.
17:13 of 2nd period - Stopped by Alex Nedeljkovic without a rebound.
17:14 of 2nd period - Chase De Leo wins face-off versus Reid Boucher in Atomiques zone.
17:45 of 2nd period - Snap shot by Michael Chaput.
17:45 of 2nd period - Deflect By William Nylander.
17:45 of 2nd period - Shot Blocked by Sven Baertschi.
17:45 of 2nd period - Puck is out of play.
17:46 of 2nd period - Kevin Fiala wins face-off versus Anton Lander in Mulligans zone.
17:51 of 2nd period - Wrist shot by Oscar Sundqvist.
17:51 of 2nd period - Shot Misses the Net.
18:11 of 2nd period - Sam Bennett is hit by Michael Chaput and loses puck.
18:30 of 2nd period - Wrist shot by Robby Fabbri.
18:30 of 2nd period - Shot Blocked by Brendan Guhle.
18:32 of 2nd period - Wrist shot by Joonas Donskoi.
18:32 of 2nd period - Goal by Joonas Donskoi - Mulligans : 2 - Atomiques : 1.
18:33 of 2nd period - Oscar Sundqvist wins face-off versus Anton Lander in neutral zone.
18:36 of 2nd period - Anton Lander is hit by Kevin Fiala and loses puck.
18:53 of 2nd period - Kevin Fiala is hit by Brandon Carlo and loses puck.
19:34 of 2nd period - Slapshot by Darren Dietz.
19:34 of 2nd period - Stopped by Alex Nedeljkovic with a rebound.
19:42 of 2nd period - Joonas Donskoi is hit by Kirill Kaprizov and loses puck.
19:43 of 2nd period - Joonas Donskoi from Mulligans is injured at 19:43 of 2nd period (Back).
19:44 of 2nd period - Michael Chaput wins face-off versus Anton Lander in Mulligans zone.
Goals for this period are 2 for Mulligans vs 1 for Atomiques.
Shots for this period are 19 for Mulligans vs 4 for Atomiques.
3rd period
0:01 of 3rd period - Oscar Sundqvist wins face-off versus Anton Lander in neutral zone.
0:30 of 3rd period - Cody Goloubef is hit by Darren Dietz and loses puck.
1:16 of 3rd period - Slapshot by Cody Goloubef.
1:16 of 3rd period - Shot Misses the Net.
1:18 of 3rd period - Wrist shot by Oscar Sundqvist.
1:18 of 3rd period - Deflect By Pontus Aberg.
1:18 of 3rd period - Stopped by Calvin Pickard with a rebound.
1:20 of 3rd period - Slapshot by Wiley Sherman.
1:20 of 3rd period - Stopped by Calvin Pickard without a rebound.
1:21 of 3rd period - Anton Lander wins face-off versus Michael Chaput in Mulligans zone.
1:55 of 3rd period - Wrist shot by Jordan Greenway.
1:55 of 3rd period - Stopped by Calvin Pickard with a rebound.
2:48 of 3rd period - Jonny Brodzinski is hit by Brendan Guhle and loses puck.
2:57 of 3rd period - Minor Penalty to Kirill Kaprizov for Interference.
2:58 of 3rd period - Anton Lander wins face-off versus Oscar Sundqvist in Atomiques zone.
3:05 of 3rd period - Snap shot by Sven Baertschi.
3:05 of 3rd period - Shot Blocked by Wiley Sherman.
3:07 of 3rd period - Backhand shot by Sven Baertschi.
3:07 of 3rd period - Goal by Sven Baertschi - Mulligans : 3 - Atomiques : 1.
3:08 of 3rd period - Michael Chaput wins face-off versus Anton Lander in neutral zone.
3:19 of 3rd period - Wrist shot by William Nylander.
3:19 of 3rd period - Shot Misses the Net.
3:21 of 3rd period - Snap shot by William Nylander.
3:21 of 3rd period - Goal by William Nylander - Mulligans : 3 - Atomiques : 2.
3:22 of 3rd period - Logan Shaw wins face-off versus Michael Chaput in neutral zone.
3:24 of 3rd period - Minor Penalty to Sven Baertschi for Hooking.
3:25 of 3rd period - Pontus Aberg wins face-off versus Anton Lander in Mulligans zone.
3:27 of 3rd period - Wrist shot by Oscar Sundqvist.
3:27 of 3rd period - Stopped by Calvin Pickard without a rebound.
3:28 of 3rd period - Oscar Sundqvist wins face-off versus Anton Lander in Mulligans zone.
3:29 of 3rd period - Wrist shot by Pontus Aberg.
3:29 of 3rd period - Shot Misses the Net.
3:31 of 3rd period - Slapshot by Wiley Sherman.
3:31 of 3rd period - Stopped by Calvin Pickard with a rebound.
3:33 of 3rd period - Wrist shot by Oscar Sundqvist.
3:33 of 3rd period - Goal by Oscar Sundqvist - Mulligans : 3 - Atomiques : 3.
3:34 of 3rd period - Anton Lander wins face-off versus Michael Chaput in neutral zone.
3:37 of 3rd period - Snap shot by Logan Shaw.
3:37 of 3rd period - Shot Misses the Net.
3:45 of 3rd period - Slapshot by Cody Goloubef.
3:45 of 3rd period - Deflect By Michael Chaput.
3:45 of 3rd period - Shot Misses the Net.
3:45 of 3rd period - Puck is out of play.
3:46 of 3rd period - Anton Lander wins face-off versus Michael Chaput in Mulligans zone.
4:00 of 3rd period - Logan Shaw is hit by Cody Goloubef and loses puck.
4:33 of 3rd period - Snap shot by Chase De Leo.
4:33 of 3rd period - Stopped by Calvin Pickard with a rebound.
4:39 of 3rd period - Wrist shot by Jordan Greenway.
4:39 of 3rd period - Stopped by Calvin Pickard without a rebound.
4:40 of 3rd period - Michael Chaput wins face-off versus Robby Fabbri in Mulligans zone.
4:41 of 3rd period - Snap shot by Denis Gurianov.
4:41 of 3rd period - Stopped by Calvin Pickard with a rebound.
5:11 of 3rd period - Sven Baertschi is hit by Brendan Guhle and loses puck.
5:59 of 3rd period - Off-side.
6:00 of 3rd period - Michael Chaput wins face-off versus Robby Fabbri in neutral zone.
6:25 of 3rd period - Ben Hutton is hit by Oscar Sundqvist and loses puck.
6:34 of 3rd period - Snap shot by Oscar Sundqvist.
6:34 of 3rd period - Stopped by Calvin Pickard without a rebound.
6:35 of 3rd period - Chase De Leo wins face-off versus Anton Lander in Mulligans zone.
6:38 of 3rd period - Wrist shot by Chase De Leo.
6:38 of 3rd period - Stopped by Calvin Pickard with a rebound.
6:40 of 3rd period - Slapshot by Cody Goloubef.
6:40 of 3rd period - Stopped by Calvin Pickard without a rebound.
6:41 of 3rd period - Chase De Leo wins face-off versus Anton Lander in Mulligans zone.
6:42 of 3rd period - Slapshot by Cody Goloubef.
6:42 of 3rd period - Shot Misses the Net.
6:44 of 3rd period - Slapshot by Wiley Sherman.
6:44 of 3rd period - Stopped by Calvin Pickard with a rebound.
6:46 of 3rd period - Snap shot by Chase De Leo.
6:46 of 3rd period - Shot Blocked by Dalton Thrower.
6:48 of 3rd period - Slapshot by Jordan Greenway.
6:48 of 3rd period - Shot Misses the Net.
6:50 of 3rd period - Slapshot by Cody Goloubef.
6:50 of 3rd period - Stopped by Calvin Pickard with a rebound.
6:52 of 3rd period - Wrist shot by Chase De Leo.
6:52 of 3rd period - Shot Blocked by Sven Baertschi.
6:54 of 3rd period - Wrist shot by Jordan Greenway.
6:54 of 3rd period - Shot Blocked by Dalton Thrower.
6:56 of 3rd period - Backhand shot by Cody Goloubef.
6:56 of 3rd period - Stopped by Calvin Pickard with a rebound.
7:06 of 3rd period - Darren Dietz is hit by Pontus Aberg and loses puck.
7:52 of 3rd period - Minor Penalty to Brett Seney for Hooking.
7:53 of 3rd period - Oscar Sundqvist wins face-off versus Anton Lander in Mulligans zone.
8:46 of 3rd period - Brandon Carlo is hit by William Nylander and loses puck.
9:15 of 3rd period - Sven Baertschi is hit by Pontus Aberg and loses puck.
9:52 of 3rd period - Penalty to Brett Seney is over, Brett Seney is back on ice.
9:58 of 3rd period - Matt Tennyson is hit by Maxime Macenauer.
10:02 of 3rd period - Ben Hutton is hit by Jordan Greenway and loses puck.
10:07 of 3rd period - Wrist shot by Chase De Leo.
10:07 of 3rd period - Shot Misses the Net.
10:09 of 3rd period - Snap shot by Chase De Leo.
10:09 of 3rd period - Shot Misses the Net.
10:18 of 3rd period - Off-side.
10:19 of 3rd period - Jonny Brodzinski wins face-off versus Dylan Strome in neutral zone.
10:22 of 3rd period - Snap shot by Conor Garland.
10:22 of 3rd period - Stopped by Alex Nedeljkovic with a rebound.
12:12 of 3rd period - Wrist shot by Dylan Strome.
12:12 of 3rd period - Stopped by Calvin Pickard without a rebound.
12:13 of 3rd period - Dylan Strome wins face-off versus Robby Fabbri in Mulligans zone.
12:18 of 3rd period - Wrist shot by Dylan Strome.
12:18 of 3rd period - Stopped by Calvin Pickard with a rebound.
12:24 of 3rd period - Snap shot by Kirill Kaprizov.
12:24 of 3rd period - Stopped by Calvin Pickard without a rebound.
12:25 of 3rd period - Anton Lander wins face-off versus Michael Chaput in Mulligans zone.
12:50 of 3rd period - Brandon Carlo is hit by Kirill Kaprizov and loses puck.
12:55 of 3rd period - Slapshot by Cody Goloubef.
12:55 of 3rd period - Shot Misses the Net.
12:57 of 3rd period - Slapshot by Wiley Sherman.
12:57 of 3rd period - Deflect By Kirill Kaprizov.
12:57 of 3rd period - Shot Misses the Net.
12:57 of 3rd period - Puck is out of play.
12:58 of 3rd period - Oscar Sundqvist wins face-off versus Maxime Macenauer in Mulligans zone.
13:02 of 3rd period - Icing by Sam Bennett.
13:03 of 3rd period - Maxime Macenauer wins face-off versus Oscar Sundqvist in Mulligans zone.
13:38 of 3rd period - Jeremy Lauzon is hit by Darren Dietz and loses puck.
13:52 of 3rd period - Minor Penalty to Jordan Greenway for Hooking.
13:53 of 3rd period - Oscar Sundqvist wins face-off versus Anton Lander in Atomiques zone.
13:53 of 3rd period - Oscar Sundqvist is hit by Logan Shaw.
14:25 of 3rd period - Snap shot by Maxime Macenauer.
14:25 of 3rd period - Stopped by Alex Nedeljkovic with a rebound.
14:27 of 3rd period - Snap shot by Robby Fabbri.
14:27 of 3rd period - Shot Blocked by Michael Chaput.
14:29 of 3rd period - Slapshot by Brandon Carlo.
14:29 of 3rd period - Stopped by Alex Nedeljkovic with a rebound.
14:59 of 3rd period - Matt Tennyson is hit by Sam Bennett and loses puck.
15:52 of 3rd period - Penalty to Jordan Greenway is over, Jordan Greenway is back on ice.
15:56 of 3rd period - Jordan Greenway is hit by Valeri Nichushkin and loses puck.
17:31 of 3rd period - Brendan Guhle is hit by Maxime Macenauer.
17:59 of 3rd period - Sean Walker is hit by Anton Lander and loses puck.
18:16 of 3rd period - Michael Chaput is hit by Anton Lander and loses puck.
18:43 of 3rd period - Sam Bennett is hit by Wiley Sherman and loses puck.
19:51 of 3rd period - Minor Penalty to Logan Shaw for Tripping.
19:52 of 3rd period - Anton Lander wins face-off versus Michael Chaput in Mulligans zone.
Goals for this period are 1 for Mulligans vs 2 for Atomiques.
Shots for this period are 4 for Mulligans vs 19 for Atomiques.
Overtime #1
0:01 of 1st overtime period - Oscar Sundqvist wins face-off versus Anton Lander in neutral zone.
0:08 of 1st overtime period - Snap shot by Pontus Aberg.
0:08 of 1st overtime period - Goal by Pontus Aberg - Mulligans : 3 - Atomiques : 4.
Goals for this period are 0 for Mulligans vs 1 for Atomiques.
Shots for this period are 0 for Mulligans vs 1 for Atomiques.